 Dungeon Crawl Stone Soup version 0.25-b1-37-g2669288c55 (webtiles) character file.

Game seed: 8823741635427269311

53 gruber the Skirmisher (level 3, 2/31 HPs)
             Began as a Centaur Arcane Marksman on June 4, 2020.
             Quit the game on level 2 of the Dungeon.
             The game lasted 00:01:42 (1263 turns).

gruber the Skirmisher (Centaur Arcane Marksman)     Turns: 1263, Time: 00:01:44

Health: 2/31       AC:  8    Str: 13    XL:     3   Next: 64%
Magic:  4/4        EV:  7    Int: 12    God:
Gold:   77         SH:  0    Dex:  9    Spells: 3/4 levels left

rFire    . . .     SeeInvis .   a - +0 shortbow
rCold    . . .     Gourm    .   (shield currently unavailable)
rNeg     . . .     Faith    .   e - +0 robe
rPois    .         Spirit   .   (no helmet)
rElec    .         Reflect  .   (no cloak)
rCorr    +         Harm     .   (no gloves)
MR       .....                  c - +0 centaur barding
Stlth    +.........             l - amulet of the acrobat
HPRegen  0.10/turn              k - ring of resist corrosion
MPRegen  0.09/turn              (no ring)

@: lethally poisoned (2 -> -10), very quick
A: large, hooves 3, deformed body, speed 2, tough skin 3
a: no special abilities


You were on level 2 of the Dungeon.
You were not hungry.

You visited 1 branch of the dungeon, and saw 2 of its levels.

You collected 77 gold pieces.

Inventory:

Hand Weapons
 a - a +0 shortbow (weapon)
 j - a +0 spear
Missiles
 d - 64 arrows (quivered)
Armour
 c - a +0 centaur barding (worn)
 e - a +0 robe (worn)
Jewellery
 k - a ring of resist corrosion (left hand)
 l - an amulet of the acrobat (around neck)
Scrolls
 g - a scroll of magic mapping {unknown}
 h - a scroll of remove curse {unknown}
 i - a scroll of identify {unknown}
Comestibles
 b - 6 chunks of flesh
 f - 5 rations


   Skills:
 - Level 3.0 Fighting
 * Level 1.5 Polearms
 - Level 2.6 Bows
 - Level 1.3 Dodging
 - Level 1.0 Spellcasting
 - Level 2.6 Hexes


You had 3 spell levels left.
You knew the following spells:

 Your Spells              Type           Power        Failure   Level  Hunger
a - Corona                Hex            #......      10%         1    ##.....

Your spell library contained the following spells:

 Spells                   Type           Power        Failure   Level  Hunger
 Slow                     Hex            #.......     16%         2    ###....
 Inner Flame              Hex/Fire       #.......     45%         3    ####...
 Portal Projectile        Hex/Tloc       #.....       45%         3    ####...
 Cause Fear               Hex            #.........   69%         4    #####..
 Leda's Liquefaction      Hex/Erth       #.........   86%         4    #####..


Dungeon Overview and Level Annotations

Branches:
Dungeon (2/15)

Altars:
Ru


Innate Abilities, Weirdness & Mutations

You have hooves in place of feet.
Armour fits poorly on your strangely shaped body.
You cover ground very quickly.
You have extremely tough skin. (AC +3)


Message History

You feel sick. The adder closely misses you. The adder bites you.
* * * LOW HITPOINT WARNING * * *
You are more poisoned.
The adder poisons you!
Firing (i - inventory)
d - 65 arrows (quivered)
Press: ? - help, Shift-Dir - straight line, f/p - adder
Aim: an adder (lightly wounded)
You shoot an arrow. The arrow closely misses the adder.
* * * LOW HITPOINT WARNING * * *
You feel sick. The adder bites you but does no damage.
Unknown command.
You aren't carrying any potions.
Really attack while wielding your +0 shortbow? [Y]es or [N]o only, please.
Really attack while wielding your +0 shortbow? [Y]es or [N]o only, please.
Really attack while wielding your +0 shortbow?
Okay, then.
Unknown command.
Are you sure you want to abandon this character and quit the game? (Confirm with "yes".)

#.....##........#
#.....##........#
#......'.........
#....###.((.....#
#...)..'รท........
#...####........#
#... #.........
#... #.)#######
#... #@#...#
##S#...# #..#.....
#..###._.#
#.####..# .....
#.......# #...
#######.# ...
#(+### #....#


You could see an adder.

Vanquished Creatures
  2 adders (D:2)
  An ooze (D:1)
  A leopard gecko (D:1)
  A giant cockroach (D:1)
  4 goblins (D:1)
  4 hobgoblins
  8 bats
  2 frilled lizards (D:1)
  4 kobolds
  4 rats (D:1)
31 creatures vanquished.

Notes
Turn   | Place    | Note
-------+----------+-------------------------------------------
     0 | D:1      | gruber the Centaur Arcane Marksman began the quest for the
                  | Orb.
     0 | D:1      | Reached XP level 1. HP: 16/16 MP: 2/2
    61 | D:1      | Reached skill level 2 in Fighting
   199 | D:1      | Reached XP level 2. HP: 22/24 MP: 3/3
   704 | D:1      | Reached skill level 3 in Fighting
   890 | D:1      | Reached XP level 3. HP: 31/31 MP: 4/4
  1193 | D:2      | Reached skill level 1 in Polearms
  1212 | D:2      | Found a sacrificial altar of Ru.
  1263 | D:2      | Quit the game

Illustrated notes

Levels and vault maps discovered:
D:1:      dpeg_cavernosity, layout_basic
D:2:      layout_basic, gammafunk_temple_overflow_elements, first_ration,
          minmay_misc_feat_five, minmay_misc_feat_columns,
          nicolae_ru_great_annihilating_truth

Skill      XL: |  1  2  3 |
---------------+----------+-----
Fighting       | 2 3 |  3.0
Polearms       | 1 |  1.5
Bows           | |  2.6
Dodging        | |  1.3
Spellcasting   | |  1.0
Hexes          | |  2.6

Action                   || total
-------------------------++-------
Melee: Dagger            ||    41
       Kick              ||     8
       Spear             ||    28
 Fire: Shortbow          ||    46
Armor: Robe              ||    59
Dodge: Dodged            ||    39
